 Dungeon Sprint DCSS version 0.21-a0-51-gea492e9 (webtiles) character file.

0 pib the Conjurer (level 1, -1/10 HPs)
             Began as a Deep Elf Conjurer on June 12, 2017.
             Was an Initiate of Vehumet.
             Killed by nerve-wracking pain
             ... invoked by Jessica
              (11 damage)
             ... in the Dungeon (Sprint VI: "Thunderdome").
             The game lasted 00:01:08 (75 turns).

pib the Conjurer (Deep Elf Conjurer)                  Turns: 75, Time: 00:01:08

Health: -1/10      AC:  2    Str:  5    XL:     1   Next: 33%
Magic:  0/7        EV: 13    Int: 19    God:    Vehumet [......]
Gold:   200        SH:  0    Dex: 15    Spells: 6/7 levels left

rFire    . . .     SeeInvis .   (no weapon)
rCold    . . .     Gourm    .   (no shield)
rNeg     . . .     Faith    .   a - +0 robe
rPois    .         Spirit   .   (no helmet)
rElec    .         Reflect  .   (no cloak)
rCorr    .         Harm     .   (no gloves)
MR       .....     NoTele   +   (no boots)
Stlth    ++........             (no amulet)
Regen    0.1/turn               (no ring)
MPRegen  0.1/turn               (no ring)

@: slowed, very slow
A: no striking features
a: Renounce Religion


You were in the Dungeon.
You worshipped Vehumet.
Vehumet was noncommittal.
You were not hungry.

You visited 1 branch You collected 200 gold pieces.

Inventory:

Armour
 a - a +0 robe (worn)
Wands
 j - a wand of acid (5/15)
 k - a wand of iceblast (5/15)
Scrolls
 i - 4 scrolls of blinking
 l - 3 scrolls of fog
Potions
 d - a potion of curing
 e - 4 potions of heal wounds
 f - 4 potions of haste
 g - 2 potions of magic
 h - a potion of berserk rage
 m - a potion of resistance
Books
 b - a book of Conjurations

   Spells                             Type                      Level
   a - Magic Dart                     Conjuration                  1
   b - Searing Ray                    Conjuration                  2
   c - Dazzling Spray                 Conjuration/Hexes            3
   d - Fulminant Prism                Conjuration/Hexes            4
   e - Force Lance                    Conjuration/Translocation    4
   f - Iskenderun's Mystic Blast      Conjuration                  4
Comestibles
 c - a bread ration
 n - 4 chunks of flesh


   Skills:
 - Level 2.4 Dodging
 - Level 2.4 Stealth
 + Level 3.5 Spellcasting
 * Level 5.1 Conjurations


You had 6 spell levels left.
You knew the following spells:

 Your Spells              Type           Power        Failure   Level  Hunger
a - Magic Dart            Conj           ###.         1%          1    None


Dungeon Overview and Level Annotations

Branches:
Dungeon (1/1)

Altars:
Dithmenos
Fedhas
Gozag
Kikubaaqudgha
Makhleb
Okawaru
Qazlal
Sif Muna
Trog
Vehumet
Xom
Yredelemnul
Zin
Beogh
Jiyva
Lugonu

Shops:
D ?**[((!!!!

Annotations:
D Jessica


Message History

Jessica casts a spell.
Jessica seems to speed up.
Casting: Magic Dart
Confirm with . or Enter, or press ? or * to list all spells.
Aiming: Magic Dart
Press: ? - help, Shift-Dir - straight line, f/p - Jessica
Aim: Jessica, wielding a dagger and wearing a robe (severely wounded, fast)
The magic dart hits Jessica.
Jessica is severely wounded.
Jessica barely misses you.
Jessica gestures wildly while chanting.
Jessica blinks!
Jessica gestures wildly while chanting.
Jessica blinks!
Jessica mumbles some strange words.
Jessica blinks!
Jessica gestures at you while chanting. Pain shoots through your body!
Ouch! That really hurt!
You die...

#∩.......∩#
#_........#
#_......._#
#_......._#
###.........###
#⌠...........⌠#
#.8.........8.######
..... #..@...___∩##
..8. #.8........∩###
..###.............#
#...###..........⌠
#.<.# #...@......⌠
#...###..........⌠
.....###.............#
...8. #.8........∩#
......###......__.∩##


You could see Jessica.

Vanquished Creatures
  A giant cockroach (D)
  A goblin (D)
2 creatures vanquished.

Notes
Turn   | Place    | Note
-------+----------+-------------------------------------------
     0 | D        | pib the Deep Elf Conjurer began the quest for the Orb.
     0 | D        | Reached XP level 1. HP: 10/10 MP: 6/6
     1 | D        | Found a blossoming altar of Fedhas.
     1 | D        | Found a radiant altar of Vehumet.
     2 | D        | Found a shadowy altar of Dithmenos.
     2 | D        | Found a roughly hewn altar of Beogh.
     3 | D        | Found a stormy altar of Qazlal.
     4 | D        | Found Jokaabb's Do-It-Yourself Clinic.
     4 | D        | Found an ancient bone altar of Kikubaaqudgha.
     4 | D        | Found a corrupted altar of Lugonu.
     4 | D        | Found Zoybiosch's Distillery.
     5 | D        | Found Agorchuo's Bottled Wisdom.
     5 | D        | Found Eggilla's Distillery.
     5 | D        | Round 1.
     6 | D        | Found an opulent altar of Gozag.
    12 | D        | Found Huubuf's Weapon Rack.
    12 | D        | Found Agiziqog's Basic Armour.
    13 | D        | Found Immas's Miscellaneous Merchandise.
    15 | D        | Became a worshipper of Vehumet
    16 | D        | Found a bloodstained altar of Trog.
    16 | D        | Found a shimmering altar of Xom.
    16 | D        | Found a viscous altar of Jiyva.
    16 | D        | Found Pomalyrgh's Premium Goods.
    32 | D        | Found a basalt altar of Yredelemnul.
    33 | D        | Found an iron altar of Okawaru.
    59 | D        | Reached skill level 5 in Conjurations
    60 | D        | Found Firaes's Staff Store.
    61 | D        | Found a glowing silver altar of Zin.
    61 | D        | Found a burning altar of Makhleb.
    61 | D        | Found a deep blue altar of Sif Muna.
    61 | D        | Found Noguijan's Magic Scroll Shop.
    65 | D        | Noticed Jessica
    75 | D        | Killed from afar by Jessica

Vault maps used:
D:        arena_sprint

Skill      XL: |  1 |
---------------+----+-----
Conjurations   | 5 |  5.1
Dodging        | |  2.4
Stealth        | |  2.4
Spellcasting   | |  3.5

Action                   || total
-------------------------++-------
 Cast: Magic Dart        ||     9
Dodge: Dodged            ||     1
